 Dungeon Crawl Stone Soup version 0.17-a0-1404-gb8113a6 (webtiles) character file.

357 urechis the Spear-Bearer (level 6, 0/44 HPs)
             Began as a Merfolk Gladiator on June 21, 2015.
             Succumbed to an orc priest's poison
             ... on level 3 of the Dungeon.
             The game lasted 00:04:46 (2306 turns).

urechis the Spear-Bearer (Merfolk Gladiator)        Turns: 2306, Time: 00:04:46

Health: 0/44       AC:  2    Str: 16    XL:     6   Next: 64%
Magic:  6/6        EV: 14    Int:  7    God:
Gold:   168        SH:  0    Dex: 16    Spells: 0 memorised, 5 levels left

rFire  . . .     SeeInvis .     a - +0 trident
rCold  . . .     Clarity  .     r - -2 leather armour (curse)
rNeg   . . .     SustAt   .     (no shield)
rPois  .         Gourm    .     c - +0 helmet
rElec  .         Spirit   .     (no cloak)
rCorr  .         Warding  .     (no gloves)
rMut   .         Stasis   .     (no boots)
MR     .....                    (no amulet)
Stlth  ++........               (no ring)
                                (no ring)

@: lethally poisoned (0 -> -24), not resistant to hostile enchantments,
unstealthy
A: change form in water, swift swim
a: no special abilities


You were on level 3 of the Dungeon.
You were not hungry.

You visited 1 branch of the dungeon, and saw 3 of its levels.

You collected 168 gold pieces.

Inventory:

Hand weapons
 a - a +0 trident (weapon)
Missiles
 e - 3 throwing nets (quivered)
Armour
 c - a +0 helmet (worn)
 r - a cursed -2 leather armour (worn)
Scrolls
 j - a scroll of recharging
Potions
 g - a potion of brilliance {unknown}
 i - 2 potions of heal wounds {unknown}
 k - 2 potions of ambrosia {unknown}
 l - a potion of cancellation {unknown}
 n - a potion of flight {unknown}
 o - a potion of agility {unknown}
Comestibles
 d - 2 bread rations
 h - 5 meat rations
 s - 3 chunks of flesh


   Skills:
 - Level 2.1 Fighting
 + Level 9.0 Polearms
 - Level 2.0 Throwing
 - Level 1.6 Armour
 - Level 4.0 Dodging
 - Level 2.6 Stealth


You had 5 spell levels left.
You didn't know any spells.

Dungeon Overview and Level Annotations

Branches:
Dungeon (3/15)

Altars:
Ashenzari
Makhleb


Message History

You are too injured to fight recklessly!
You are too injured to fight recklessly!
You are too injured to fight recklessly!
You are too injured to fight recklessly!
You are too injured to fight recklessly!
You are too injured to fight recklessly!
You are too injured to fight recklessly!
You are too injured to fight recklessly!
You are too injured to fight recklessly!
* * * LOW HITPOINT WARNING * * *
You feel sick. The orc priest closely misses you.
You hit the orc priest but do no damage.
* * * LOW HITPOINT WARNING * * *
You feel sick.
You barely miss the orc priest.
The orc priest hits you with a trident of venom.
* * * LOW HITPOINT WARNING * * *
You are more poisoned.
You hit the orc priest but do no damage.
You die...

############*
#...........*
#.#########.* ***** #[#
*,* *****,..########)#
*,* ,,,,,,........)).#
*,*
*****,..###.####@#######
*,* **,** #,*
##o<.....##*,* *,* *,*
#...#.....#*,* *,* *,*
#.#.......#*,# *,* *,*
#...#.....##.# **,** *,*
##...........###***
**,,,***,*
##.###.........,,,
**,,,,,**,* #.#
#.########**,
**,,,,,,,*,*####.###.##
*,


You could see an orc priest.

Vanquished Creatures
  Sigmund (D:2)
  2 orc priests (D:3)
  Terence (D:2)
  4 adders (D:2)
  An ooze (D:1)
  A worm (D:2)
  4 giant geckos
  3 orcs
  4 giant cockroaches
  3 goblins
  12 hobgoblins
  A quokka (D:2)
  8 bats
  A giant newt (D:2)
  5 jackals
  8 kobolds
  4 rats
63 creatures vanquished.

Notes
Turn   | Place    | Note
--------------------------------------------------------------
     0 | D:1      | urechis the Merfolk Gladiator began the quest for the Orb.
     0 | D:1      | Reached XP level 1. HP: 16/16 MP: 1/1
    35 | D:1      | Reached skill level 5 in Polearms
    47 | D:1      | Reached XP level 2. HP: 22/22 MP: 2/2
   240 | D:1      | Reached XP level 3. HP: 27/27 MP: 3/3
   534 | D:2      | Reached skill level 6 in Polearms
   612 | D:2      | Reached skill level 1 in Stealth
   697 | D:2      | Noticed Terence
   765 | D:2      | Reached XP level 4. HP: 11/33 MP: 4/4
  1152 | D:2      | Noticed Sigmund
  1166 | D:2      | Killed Sigmund
  1166 | D:2      | Reached skill level 7 in Polearms
  1166 | D:2      | Reached skill level 1 in Armour
  1166 | D:2      | Reached XP level 5. HP: 34/38 MP: 5/5
  1212 | D:2      | Reached XP level 6. HP: 33/44 MP: 6/6
  1271 | D:2      | Killed Terence
  1271 | D:2      | Reached skill level 8 in Polearms
  1313 | D:2      | Found a shattered altar of Ashenzari.
  1326 | D:2      | Found a burning altar of Makhleb.
  2261 | D:3      | Reached skill level 9 in Polearms
  2305 | D:3      | HP: 2/44 [orc priest/trident of venom (5)]
  2306 | D:3      | Succumbed to an orc priest's poison

Vault maps used:
D:1:      shiori_arrival_elements
D:2:      minitemple, uniq_sigmund, uniq_terence
D:3:      first_bread

Action                   |  1- 3 |  4- 6 || total
-------------------------+-------+-------++-------
Melee: Trident           |   121 |   139 ||   260
  Use: Scroll            |       |     5 ||     5
 Stab: Sleeping          |     4 |     6 ||    10
  Eat: Chunk             |       |     5 ||     5
